 Dungeon Crawl Stone Soup version 0.29-a0-553-g81b289dbe5 (webtiles) character file.

Game seed: 15260237670574520904

77 porpoise the Poker (level 4, -1/35 HPs)
             Began as a Demonspawn Gladiator on June 7, 2022.
             Slain by a quasit (2 damage)
             ... on level 1 of the Abyss.
             The game lasted 00:06:24 (2688 turns).

porpoise the Poker (Demonspawn Gladiator)           Turns: 2688, Time: 00:06:25

Health: -1/35      AC:  6    Str: 16      XL:     4   Next: 13%
Magic:  4/4        EV: 11    Int: 10      God:
Gold:   155        SH:  0    Dex: 12 (14) Spells: 3/3 levels left

rFire   . . .      SeeInvis .   a - +0 trident
rCold   . . .      Faith    .   (no shield)
rNeg    . . .      Spirit   .   v - +0 ring mail
rPois   .          Reflect  .   (helmet restricted)
rElec   .          Harm     .   (no cloak)
rCorr   .          Rampage  .   f - +0 pair of gloves
Will    .....                   (no boots)
Stlth   +.........              s - amulet of magic regeneration
HPRegen 0.11/turn               (no ring)
MPRegen 0.49/turn               (no ring)

@: no status effects
A: horns 1, demonic magic 1
a: no special abilities


You were on level 1 of the Abyss.
You visited 1 branch of the dungeon, and saw 4 of its levels.
You visited the Abyss 1 time.

You collected 155 gold pieces.

Inventory:

Hand Weapons
 a - a +0 trident (weapon)
 b - a +0 hunting sling
Missiles
 d - 3 throwing nets (quivered)
 e - a javelin
 j - 8 boomerangs
Armour
 f - a +0 pair of gloves (worn)
 v - a +0 ring mail (worn)
Jewellery
 s - an amulet of magic regeneration (around neck)
Scrolls
 c - a scroll of acquirement {unknown}
 h - a scroll of noise {unknown}
 i - a scroll of torment {unknown}
 l - a scroll of summoning {unknown}
 n - a scroll of identify {unknown}
 p - a scroll of poison {unknown}
 r - a scroll of fog {unknown}
 u - a scroll of silence {unknown}
Potions
 g - 5 potions of curing {unknown}
 k - 2 potions of lignification {unknown}
 m - 2 potions of flight {unknown}
 o - a potion of cancellation {unknown}
 q - a potion of might {unknown}
 t - a potion of degeneration {unknown}


   Skills:
 * Level 3.2 Fighting
 * Level 3.5 Polearms
 - Level 1.7 Throwing
 - Level 2.6 Dodging
 + Level 1.4 Stealth


You had 3 spell levels left.
You didn't know any spells.
Your spell library contained the following spells:

 Spells                   Type           Power      Damage    Failure   Level
 Apportation              Tloc           0%         N/A       58%         1
 Necrotize                Necr           0%         1d4       58%         1
 Shock                    Conj/Air       0%         1d3       58%         1
 Summon Small Mammal      Summ           0%         N/A       58%         1
 Swiftness                Air            0%         N/A       91%         3
 Airstrike                Air            0%         N/A       100%        4


Dungeon Overview and Level Annotations

Branches:
Dungeon (4/15)
 Temple: D:4-7

Altars:

Shops:
D:1 [

Annotations:
D:4 Dowan, Duvessa


Innate Abilities, Weirdness & Mutations

You have a pair of small horns on your head.
Spells you cast may paralyse adjacent enemies.


Message History

The quasit claws you but does no damage.
The quasit bites you but does no damage.
The quasit closely misses you. The quasit barely misses you.
You barely miss the quasit.
The quasit is lightly wounded.
The quasit bites you.
* * * LOW HITPOINT WARNING * * *
The quasit barely misses you.
The quasit claws you but does no damage.
You miss the quasit.
The quasit is lightly wounded.
The quasit bites you but does no damage.
The quasit barely misses you. x4; The quasit completely misses you.
You barely miss the quasit.
The quasit is lightly wounded.
The quasit bites you but does no damage.
The quasit claws you.
* * * LOW HITPOINT WARNING * * *
The quasit claws you but does no damage.
Unknown command.
You barely miss the quasit. You punch the quasit, but do no damage.
The quasit is lightly wounded.
The quasit bites you.
* * * LOW HITPOINT WARNING * * *
You feel clumsy. The quasit barely misses you. The quasit closely misses you.
The quasit bites you.
* * * LOW HITPOINT WARNING * * *
The quasit closely misses you.
The quasit claws you but does no damage.
You hit the quasit but do no damage.
The quasit is lightly wounded.
The quasit barely misses you. x3
You barely miss the quasit.
The quasit is lightly wounded.
The quasit bites you but does no damage.
The quasit barely misses you. The quasit misses you. The quasit bites you.
* * * LOW HITPOINT WARNING * * *
The quasit claws you.
You die...

#.. ..#
#.# #.#
#.## #
.#
#.....
.. #.#
#.#..
#.# #@#
#5# ...
#....
#..#..
.#.....
#..#..≈≈
##. ##.≈


You could see a quasit.

Vanquished Creatures
  4 adders
  An orc (D:3)
  2 ball pythons
  5 bats
  3 endoplasms
  A giant cockroach (D:1)
  6 goblins
  4 hobgoblins
  2 quokkas (D:1)
  2 frilled lizards
  5 kobolds
35 creatures vanquished.

Notes
Turn   | Place    | Note
-------+----------+-------------------------------------------
     0 | D:1      | porpoise the Demonspawn Gladiator began the quest for the
                  | Orb.
     0 | D:1      | Reached XP level 1. HP: 16/16 MP: 1/1
   284 | D:1      | Gained mutation: You have a pair of small horns on your
                  | head. [demonic ancestry]
   284 | D:1      | Reached XP level 2. HP: 23/23 MP: 2/2
   290 | D:1      | Found Ugeody's Armour Boutique.
  1201 | D:2      | Found a faded altar of an unknown god.
  1259 | D:2      | Reached skill level 1 in Stealth
  1259 | D:2      | Reached XP level 3. HP: 28/28 MP: 3/3
  2275 | D:3      | Gained mutation: Spells you cast may paralyse adjacent
                  | enemies. [demonic ancestry]
  2275 | D:3      | Reached XP level 4. HP: 35/35 MP: 4/4
  2639 | D:4      | Noticed Dowan
  2640 | D:4      | Noticed Duvessa
  2651 | D:3      | Cast into level 1 of the Abyss (orc)
  2688 | Abyss:1  | HP: 1/35 [quasit (1)]
  2688 | Abyss:1  | Slain by a quasit

Illustrated notes

Levels and vault maps discovered:
D:1:      giann_horns, layout_loops_ring, serial_shops, shop_fountains
D:2:      layout_basic, basic_ecumenical_altar, palyth_stone_intersect
D:3:      layout_basic
D:4:      kennysheep_goblin_castle, layout_loops_ring,
          mainiacjoe_overflow_alcove_4, minmay_temple_entry_glassed_door,
          uniq_ijyb, uniq_duvessa
Abyss:1:  base:
D:1

Skill      XL: |  1  2  3 |
---------------+----------+-----
Polearms       | 3 |  3.5
Stealth        | 1 |  1.4
Fighting       | 3 |  3.2
Throwing       | |  1.7
Dodging        | |  2.6

Action                   |  1- 3 |  4- 6 || total
-------------------------+-------+-------++-------
Melee: Trident           |    90 |    26 ||   116
       Headbutt          |    12 |     5 ||    17
       Punch             |       |     1 ||     1
 Fire: Hunting sling     |     7 |     9 ||    16
Armor: Leather armour    |     2 |       ||     2
       Scale mail        |    49 |     2 ||    51
       Ring mail         |       |    19 ||    19
Dodge: Dodged            |    44 |    32 ||    76

Table legend: (Time is in decaauts)
 A = Elapsed time spent in this place.
 B = Non-inter-level travel time spent in this place.
 C = Inter-level travel time spent in this place.
 D = Time resting spent in this place.
 E = Time spent auto-exploring this place.
 F = Levels seen in this place.
 G = Mean time per level.
                   A        B        C        D        E       F      G
               +--------+--------+--------+--------+--------+-----+--------+
         Total |   2706 |   2553 |    153 |    143 |   2005 |   5 |  541.2 |
       Dungeon |   2668 |   2515 |    153 |    143 |   1981 |   4 |  667.0 |
         Abyss |     37 |     37 |      0 |      0 |     24 |   1 |   37.0 |
               +--------+--------+--------+--------+--------+-----+--------+

Top non-repeatable levels by time:
     D:2: 979 daAuts
     D:3: 900 daAuts
     D:1: 760 daAuts
 Abyss:1: 37 daAuts
     D:4: 27 daAuts
